 Dungeon Crawl Stone Soup version 0.27.1-4-g1640c2035a (webtiles) character file.

Game seed: 17126135668624576610

38 BinkBink the Cutter (level 3, -4/27 HPs)
             Began as a Demonspawn Gladiator on Nov 1, 2021.
             Slain by Terence (6 damage)
             ... on level 3 of the Dungeon.
             The game lasted 00:04:01 (1896 turns).

BinkBink the Cutter (Demonspawn Gladiator)          Turns: 1896, Time: 00:04:04

Health: -4/27      AC: 10    Str: 20 (21) XL:     3   Next: 25%
Magic:  4/4        EV:  8    Int:  6 (9)  God:
Gold:   107        SH:  5    Dex: 13 (14) Spells: 3/3 levels left

rFire    . . .     SeeInvis .   a - +0 rapier
rCold    . . .     Faith    .   (no shield)
rNeg     . . .     Spirit   .   f - +0 chain mail
rPois    .         Reflect  +   c - +0 helmet
rElec    .         Harm     .   (no cloak)
rCorr    .         Rampage  .   (no gloves)
Will     .....                  (no boots)
Stlth    ..........             i - amulet of reflection
HPRegen  0.09/turn              h - +6 ring of strength
MPRegen  0.09/turn              (no ring)

@: no status effects
A: rugged brown scales 1, powered by death 1
a: no special abilities


You were on level 3 of the Dungeon.
You visited 1 branch of the dungeon, and saw 3 of its levels.

You collected 107 gold pieces.

Inventory:

Hand Weapons
 a - a +0 rapier (weapon)
Missiles
 d - 3 throwing nets (quivered)
Armour
 b - a +0 leather armour
 c - a +0 helmet (worn)
 f - a +0 chain mail (worn)
Jewellery
 h - a +6 ring of strength (left hand)
 i - an amulet of reflection (around neck)
Scrolls
 e - 3 scrolls of identify {unknown}
 k - a scroll of noise {unknown}
Potions
 g - a potion of ambrosia {unknown}
 l - a potion of mutation {unknown}


   Skills:
 + Level 2.2 Fighting
 + Level 3.4 Short Blades
 - Level 1.7 Throwing
 * Level 0.7 Armour
 - Level 2.6 Dodging
 * Level 0.8 Spellcasting


You had 3 spell levels left.
You didn't know any spells.
Your spell library was empty.

Dungeon Overview and Level Annotations

Branches:
Dungeon (3/15)

Altars:
Cheibriados

Annotations:
D:3 Terence


Innate Abilities, Weirdness & Mutations

You are partially covered in rugged brown scales. (AC +1, +3% HP)
You regenerate a little health from kills.


Message History

The endoplasm is heavily wounded.
The endoplasm hits you but does no damage.
You hit the endoplasm.
You kill the endoplasm!
No target in view!
You open the door.
There is an open door here.
A ball python comes into view.
The ball python hisses angrily.
A ball python is nearby!
You hit the ball python but do no damage.
The ball python bites you but does no damage.
The ball python grabs you. The ball python constricts you.
You puncture the ball python!
You kill the ball python!
No target in view!
You open the door.
There is an open door here.
Found 9 gold pieces and 27 sling bullets.
Found 7 gold pieces.
Found a stone staircase leading down.
You now have 100 gold pieces (gained 9).
You now have 107 gold pieces (gained 7).
Terence the Incautious comes into view.
He is wielding a +3 mace of holy wrath and wearing a +0 scale mail of cold resistance.
Found a stone staircase leading up.
Terence shouts!
Terence is nearby!
Terence barely misses you.
You hit Terence but do no damage. You block Terence's attack.
You barely miss Terence.
Terence hits you with a +3 mace of holy wrath!
You convulse!
* * * LOW HITPOINT WARNING * * *
You are too injured to fight recklessly!
It was a potion of degeneration.
There was something very wrong with that liquid.
You feel weakened.
You feel dopey.
You feel clumsy.
Terence hits you with a +3 mace of holy wrath.
* * * LOW HITPOINT WARNING * * *
You convulse.
You die...

### #.. #.### #.#.#
#.#<# ##########.#.#
## #............# .#
#......>..@..# .#
#.....(..@...#
.#######............#
.'..................#
.#######...........##
.# #...........#
.#######...........#
..#...##...........#
..#...####.#########
......'....#


You could see Terence.

Vanquished Creatures
  2 dart slugs (D:2)
  An orc (D:2)
  An endoplasm (D:3)
  3 giant cockroaches (D:1)
  8 goblins
  3 hobgoblins
  2 quokkas (D:1)
  A ball python (D:3)
  A bat (D:1)
  2 frilled lizards (D:1)
  3 kobolds
  2 rats
29 creatures vanquished.

Notes
Turn   | Place    | Note
-------+----------+-------------------------------------------
     0 | D:1      | BinkBink the Demonspawn Gladiator began the quest for the
                  | Orb.
     0 | D:1      | Reached XP level 1. HP: 16/16 MP: 1/1
    34 | D:1      | Found a faded altar of an unknown god.
    48 | D:1      | Reached skill level 3 in Short Blades
   380 | D:1      | Gained mutation: You regenerate a little health from kills.
                  | [demonic ancestry]
   380 | D:1      | Reached XP level 2. HP: 22/22 MP: 2/2
  1362 | D:2      | Gained mutation: You are partially covered in rugged brown
                  | scales. (AC +1, +3% HP) [demonic ancestry]
  1362 | D:2      | Reached XP level 3. HP: 20/27 MP: 4/4
  1627 | D:2      | Found a snail-covered altar of Cheibriados.
  1889 | D:3      | Noticed Terence
  1896 | D:3      | Slain by Terence

Illustrated notes

Levels and vault maps discovered:
D:1:      mushboom_english_gardens, layout_loops_corners,
          hellmonk_ecumenical_altar_arch_garden, chequers_arboretum,
          minmay_pentomino_w2
D:2:      layout_loops_ring, basic_altar
D:3:      layout_basic, uniq_terence, uniq_sigmund

Skill      XL: |  1 |
---------------+----+-----
Short Blades   | 3 |  3.4
Fighting       | |  2.2
Throwing       | |  1.7
Armour         | |  0.7
Dodging        | |  2.6
Spellcasting   | |  0.8

Action                   || total
-------------------------++-------
Melee: Rapier            ||    84
  Use: Potion            ||     1
Armor: Chain mail        ||    34
       Leather armour    ||     1
Dodge: Dodged            ||    26
Block: Other             ||     7
